 Dungeon Crawl Stone Soup version 0.17-a0-1479-g4041c36 (webtiles) character file.

14 vatarom the Ruffian (level 2, 0/25 HPs)
             Began as a Naga Transmuter on July 3, 2015.
             Slain by a jackal (3 damage)
             ... on level 1 of the Dungeon.
             The game lasted 00:02:21 (479 turns).

vatarom the Ruffian (Naga Transmuter)                Turns: 479, Time: 00:02:21

Health: 0/25       AC:  1    Str: 12    XL:     2   Next: 45%
Magic:  1/5        EV: 10    Int: 13    God:
Gold:   0          SH:  0    Dex: 11    Spells: 2 memorised, 2 levels left

rFire  . . .     SeeInvis +       - Unarmed
rCold  . . .     Clarity  .     b - +0 robe
rNeg   . . .     SustAt   .     (no shield)
rPois  +         Gourm    .     (no helmet)
rElec  .         Spirit   .     (no cloak)
rCorr  .         Warding  .     (no gloves)
rMut   .         Stasis   .     (no barding)
MR     .....                    (no amulet)
Stlth  ++........               (no ring)
                                (no ring)

@: very slightly contaminated, very slow, not resistant to hostile enchantments,
unstealthy
A: see invisible, deformed body, poison resistance, slowness 2, slow metabolism
1, spit poison 2, AC +0
a: Spit Poison


You were on level 1 of the Dungeon.
You were not hungry.

You visited 1 branch of the dungeon, and saw 1 of its levels.

Inventory:

Missiles
 a - 11 arrows
Armour
 b - a +0 robe (worn)
Potions
 e - a potion of curing {unknown}
Books
 c - a book of Changes

   Spells                             Type                      Level
   a - Beastly Appendage              Transmutation                1
   b - Sticks to Snakes               Transmutation                2
   c - Spider Form                    Transmutation/Poison         3
   d - Ice Form                       Ice/Transmutation            4
   e - Blade Hands                    Transmutation                5
Comestibles
 d - a bread ration


   Skills:
 + Level 1.3 Fighting
 - Level 1.5 Dodging
 - Level 3.0 Stealth
 - Level 3.0 Unarmed Combat
 - Level 2.0 Spellcasting
 - Level 2.0 Transmutations


You had 2 spell levels left.
You knew the following spells:

 Your Spells              Type           Power        Failure   Level  Hunger
a - Beastly Appendage     Trmt           #.....       12%         1    ##.....
b - Sticks to Snakes      Trmt           #.........   17%         2    ###....


Dungeon Overview and Level Annotations

Branches:
Dungeon (1/15)

Altars:


Innate Abilities, Weirdness & Mutations

You cannot wear boots.
Your serpentine skin is tough (AC +0).
You have supernaturally acute eyesight.
Armour fits poorly on your strangely shaped body.
Your system is resistant to poisons.
You cover ground very slowly.
You have a slow metabolism.
You can spit poison.


Message History

The jackal bites you. x2
* * * LOW HITPOINT WARNING * * *
The jackal bites you.
* * * LOW HITPOINT WARNING * * *
The jackal barely misses you.
Use which ability? (? or * to list)
Press: ? - help, Shift-Dir - straight line, f/p - jackal
Aim: a jackal (lightly wounded)
The splash of poison hits the jackal.
You kill the jackal!
You feel slightly more hungry. The jackal barely misses you.
You see here a jackal corpse.
Casting: Beastly Appendage
Confirm with . or Enter, or press ? or * to list all spells.
You don't have enough magic to cast that spell.
You have got your breath back.
The jackal closely misses you. The jackal bites you.
* * * LOW HITPOINT WARNING * * *
The jackal bites you.
You die...

## #...##### #...##........
##.####.... ..####....)........
##...#.....# #........##..⌠....#
#......#...###.#####.###.......#
...............#####.# #........
#......#.#..#...).##.# ####...##
# ...#)........##.##.# #######
#.#.##)####.##.##h##.# #...#..
#.#.##(# #.##..@h.†.# #...'.⌠
#......# ..#####.#### #...#..
###.#### .### #.#### ##'###'
###.## #. #....# #...#.. .....#
. ####.# #...#.< ###..# .. #.#
#...#.. ###..#
#####.#######'#### ##...#
#..........#.†.#.. ##.#.#
#.###.#.##.'...#..


You could see 2 jackals.

Vanquished Creatures
  2 bats (D:1)
  3 goblins (D:1)
  2 hobgoblins (D:1)
  2 jackals (D:1)
  2 kobolds (D:1)
  A rat (D:1)
12 creatures vanquished.

Notes
Turn   | Place    | Note
--------------------------------------------------------------
     0 | D:1      | vatarom the Naga Transmuter began the quest for the Orb.
     0 | D:1      | Reached XP level 1. HP: 18/18 MP: 3/3
    66 | D:1      | Reached skill level 1 in Stealth
   355 | D:1      | Reached XP level 2. HP: 18/25 MP: 5/5
   359 | D:1      | Learned a level 2 spell: Sticks to Snakes
   479 | D:1      | Slain by a jackal

Vault maps used:
D:1:      co_arrival_random_square_maze, solitary_fountain, st_stairs_10,
          serial_bayou_lake_a

Action                   || total
-------------------------++-------
Melee: Unarmed           ||    33
 Cast: Beastly Appendage ||     5
       Sticks to Snakes  ||     1
 Abil: Spit Poison       ||    10
